 Dungeon Crawl Stone Soup version 0.31-a0-1447-g87ca8d402b (webtiles) character file.

Game seed: 13739785811741857785

1383 BigPumpCobain the Grappler (level 8, 0/90 (102) HPs)
             Began as a Grey Draconian Shapeshifter on Dec 27, 2023.
             Slain by a wight
             ... wielding a +4 flail of freezing
              (5 damage)
             ... on level 5 of the Dungeon.
             The game lasted 00:07:53 (3305 turns).

BigPumpCobain the Grappler (DrSh)                   Turns: 3305, Time: 00:07:54

HP:   0/90 (102)    AC: 24    Str: 21    XL:     8   Next: 40%
MP:   5/8           EV:  2    Int: 14    God:
Gold: 290           SH:  0    Dex: 16    Spells: 7/7 levels left

rFire   . . .        u - +11 whip of Umodeos {heavy, +Blink Str+2 Int+3 SInv}
rCold   . . .        (no shield)
rNeg    . . .        (body armour unavailable)
rPois   +            (helmet currently unavailable)
rElec   .            (cloak currently unavailable)
rCorr   .            (gloves currently unavailable)
SInv    +            (boots currently unavailable)
Will    .....        f - amulet of regeneration
Stlth   +            q - +4 ring of slaying
HPRegen 1.15/turn    y - +6 ring of dexterity
MPRegen 0.11/turn

%: no passive effects
@: tree-form, heavily drained
A: stationary, stasis, torment immunity, boosted hp, AC +11, (amphibious),
unfitting armour, (cold-blooded)
a: Evoke Blink


You were on level 5 of the Dungeon.
You were a tree.
You visited 1 branch of the dungeon, and saw 5 of its levels.
You also visited: Ossuary.

You collected 290 gold pieces.

Inventory:

Hand Weapons
 u - the +11 whip of Umodeos (weapon) {heavy, +Blink Str+2 Int+3 SInv}
   (You found it on level 3 of the Dungeon)

   Str+2:     It affects your strength (+2).
   Int+3:     It affects your intelligence (+3).
   SInv:      It lets you see invisible.
   +Blink:    It lets you blink.
Missiles
 w - a throwing net
Armour
 n - the +4 pair of gloves of the Game of Kings {rPois rF++ Str-3}
   (You found it on level 3 of the Dungeon)

   Str-3:     It affects your strength (-3).
   rF++:      It greatly protects you from fire.
   rPois:     It protects you from poison
Jewellery
 f - an amulet of regeneration (around neck)
 g - an amulet of the acrobat
 q - a +4 ring of slaying (left branch)
 v - an amulet of reflection
 y - a +6 ring of dexterity (right branch)
Talismans
 b - a beast talisman
 c - a flux talisman
 j - a storm talisman
Wands
 l - a wand of polymorph (7)
 G - a wand of flame (40)
Scrolls
 e - 2 scrolls of vulnerability
 i - 2 scrolls of noise
 o - a scroll of identify
 r - a scroll of blinking {unknown}
 x - a scroll of amnesia {unknown}
 z - 3 scrolls of revelation {unknown}
 B - a scroll of torment {unknown}
 C - 2 scrolls of teleportation
 D - a scroll of summoning {unknown}
 E - 3 scrolls of immolation
 H - a scroll of enchant armour {unknown}
Potions
 a - 4 potions of lignification
 d - 3 potions of heal wounds {unknown}
 h - 2 potions of ambrosia
 k - 5 potions of curing
 m - a potion of attraction
 p - 2 potions of mutation {unknown}
 s - a potion of degeneration
 t - 2 potions of haste {unknown}
 A - a potion of resistance {unknown}
 F - 2 potions of cancellation {unknown}


   Skills:
 + Level 5.3 Fighting
 - Level 1.7 Dodging
 * Level 8.2 Unarmed Combat
 + Level 5.3 Shapeshifting


You had 7 spell levels left.
You didn't know any spells.
Your spell library contained the following spells:

 Spells                   Type           Power      Damage    Failure   Level
 Ensorcelled Hibernation  Hex/Ice        0%         N/A       41%         2
 Passwall                 Erth           0%         N/A       65%         3
 Swiftness                Air            0%         N/A       65%         3
 Conjure Ball Lightning   Conj/Air       0%         3x3d6     100%        6
 Discord                  Hex            0%         N/A       100%        8
 Disjunction              Tloc           0%         N/A       100%        8


Dungeon Overview and Level Annotations

Branches:
Dungeon (5/15)            Ossuary (visited)
 Temple: D:4-7

Altars:
Uskayaw
Wu Jian
Xom

Shops:
D:3 (


Innate Abilities, Weirdness & Mutations

You are a tree.
Your roots penetrate the ground, keeping you stationary.
You cannot be teleported.
You are immune to unholy pain and torment.
Your maximum health is greatly increased.
Your equipment is partially melded.
((Your dull iron-grey scales are very hard. (AC +11)))
((You are amphibious.))
You cannot fit into any form of body armour.
((You are cold-blooded and may be slowed by cold attacks.))


Message History

You are too injured to fight recklessly!
You are too injured to fight recklessly!
You are too injured to fight recklessly!
You are too injured to fight recklessly!
You are too injured to fight recklessly!
You are too injured to fight recklessly!
You are too injured to fight recklessly!
You are too injured to fight recklessly!
You are too injured to fight recklessly!
You are too injured to fight recklessly!
You are too injured to fight recklessly!
You are too injured to fight recklessly!
You are too injured to fight recklessly!
You are too injured to fight recklessly!
You are too injured to fight recklessly!
You are too injured to fight recklessly!
You are too injured to fight recklessly!
You are too injured to fight recklessly!
You are too injured to fight recklessly!
Your transformation has ended.
You turn into a tree.
Your roots penetrate the ground.
The wight hits you with a +1 antimagic war axe.
You feel drained. The wight hits you but does no damage.
The wight hits you with a +4 flail of freezing!
You feel drained.
* * * LOW HITPOINT WARNING * * *
The wight freezes you.
* * * LOW HITPOINT WARNING * * *
You thrash the wight!!
You destroy the wight!
You feel yourself speed up.
The wight hits you with a +4 flail of freezing!
* * * LOW HITPOINT WARNING * * *
The wight freezes you.
* * * LOW HITPOINT WARNING * * *
The wight hits you but does no damage. x2
The wight hits you with a +4 flail of freezing!
* * * LOW HITPOINT WARNING * * *
The wight freezes you.
You die...

######....##.....##
##..
........##########
##. ..####### #.
..## #### #. #..##
### ##..## #.
##..####### ##.##
#..<.# #.
##..##...#####...#
#..##.## #.
##...###......†.#
## ##.## #. #####
###...)♣z# ##.###.
#####)z# ##....
...# ##... _...#
#... .....# ##...
....... #####....
...⌠....# <........
.........#
......... ######..#


You could see 2 wights.

Vanquished Creatures
  Grinder (D:3)
  Sigmund (D:3)
  A centaur (D:4)
  An elf zombie (Ossuary)
  2 scorpions (D:4)
  2 elf skeletons (D:4)
  3 wights (D:5)
  A howler monkey (D:5)
  2 hounds
  2 human skeletons (D:4)
  2 human zombies
  Jessica (D:2)
  An orc wizard (D:4)
  An iguana (D:5)
  4 mummies (Ossuary)
  4 gnolls (D:3)
  6 adders
  An adder zombie (Ossuary)
  4 dart slugs
  4 worms
  7 orcs
  6 ball pythons
  6 endoplasms
  5 giant cockroaches
  5 goblins
  5 hobgoblins
  3 jackals (D:3)
  7 kobolds
  3 quokkas
  7 bats
  3 frilled lizards
  3 goblin zombies (Ossuary)
  2 hobgoblin zombies (Ossuary)
  A kobold zombie (Ossuary)
  3 orc zombies
  6 rats
  A rat zombie (Ossuary)
117 creatures vanquished.

Notes
Turn   | Place    | Note
-------+----------+-------------------------------------------
     0 | D:1      | BigPumpCobain the Draconian Shapeshifter began the quest
                  | for the Orb.
     0 | D:1      | Reached XP level 1. HP: 16/16 MP: 1/1
   228 | D:1      | Reached XP level 2. HP: 18/23 MP: 2/2
   417 | D:1      | Reached skill level 4 in Unarmed Combat
   695 | D:1      | Reached XP level 3. HP: 28/28 MP: 3/3
   980 | D:2      | Noticed Jessica
   989 | D:2      | Killed Jessica
   993 | D:2      | Reached XP level 4. HP: 35/35 MP: 4/4
  1152 | D:2      | Found a faded altar of an unknown god.
  1510 | D:3      | Identified the +4 pair of gloves of the Game of Kings
                  | {rPois rF++ Str-3}
  1608 | D:3      | Noticed Sigmund
  1612 | D:3      | Reached skill level 5 in Unarmed Combat
  1629 | D:3      | Killed Sigmund
  1630 | D:3      | Reached XP level 5. HP: 20/45 MP: 5/5
  1630 | D:3      | Reached XP level 6. HP: 23/51 MP: 6/6
  1698 | D:3      | Identified the +11 whip of Umodeos {heavy, +Blink Str+2
                  | Int+3 SInv}
  1718 | D:3      | Noticed Grinder
  1721 | D:3      | Paralysed by Grinder for 3 turns
  1756 | D:3      | Paralysed by Grinder for 3 turns
  1764 | D:3      | Killed Grinder
  1765 | D:3      | Reached skill level 6 in Unarmed Combat
  1849 | D:3      | Your scales start taking on a dull iron-grey colour.
  1849 | D:3      | Reached XP level 7. HP: 47/58 MP: 7/7
  1917 | D:3      | Found Geahiwn's Weapon Shoppe.
  2073 | D:4      | Found a shimmering altar of Xom.
  2135 | D:4      | Found an ornate altar of the Wu Jian Council.
  2250 | D:4      | Identified the +4 long sword "Cije" {freeze, ^Drain rF+++
                  | rCorr Stlth+}
  2307 | D:4      | Reached skill level 7 in Unarmed Combat
  2612 | D:4      | Found a sand-covered staircase.
  2620 | Ossuary  | Entered an ossuary
  2643 | Ossuary  | Reached skill level 5 in Shapeshifting
  2643 | Ossuary  | Reached XP level 8. HP: 61/67 MP: 8/8
  2804 | D:4      | Reached skill level 5 in Fighting
  2983 | D:5      | Entered Level 5 of the Dungeon
  3069 | D:5      | Reached skill level 8 in Unarmed Combat
  3297 | D:5      | Found a hide-covered altar of Uskayaw.
  3305 | D:5      | Slain by a wight

Illustrated notes

Levels and vault maps discovered:
D:1:      dpeg_arrival_pits, layout_loops_ring, minmay_pentomino_u4
D:2:      layout_loops_ring, shapermc_ecumenical_altar_mp_ritualfount,
          uniq_jessica
D:3:      layout_rooms, serial_shops, nicolae_shop_behind_doors, uniq_sigmund,
          uniq_grinder
D:4:      layout_basic, mainiacjoe_overflow_boulevard,
          mainiacjoe_overflow_paths, nicolae_ossuary_entry_catacombs,
          kennysheep_generic_room_10
D:5:      layout_layer_cave, mainiacjoe_overflow_cross_hatched,
          grunt_temple_overflow_open, ebering_ghost_rock_garden

Skill      XL: |  1  2  3  4  5  6  7  8 |
---------------+-------------------------+-----
Unarmed Combat | 4 5 6 7 8 |  8.2
Fighting       | 3 4 5 |  5.3
Shapeshifting  | 4 5 |  5.3
Dodging        | |  1.7

Action                     |  1- 3 |  4- 6 |  7- 9 || total
---------------------------+-------+-------+-------++-------
  Melee: Unarmed           |    68 |    72 |       ||   140
         Tailslap          |     5 |    13 |    16 ||    34
         Punch             |     1 |       |     4 ||     5
         Whip              |       |    11 |   109 ||   120
    Use: Scroll            |       |    10 |       ||    10
         Potion            |       |       |     1 ||     1
   Stab: Sleeping          |       |       |     2 ||     2
 Armour: Skin              |    43 |    43 |   165 ||   251
  Dodge: Dodged            |    31 |    47 |   170 ||   248

Table legend: (Time is in decaauts)
 A = Elapsed time spent in this place.
 B = Non-inter-level travel time spent in this place.
 C = Inter-level travel time spent in this place.
 D = Time resting spent in this place.
 E = Time spent auto-exploring this place.
 F = Levels seen in this place.
 G = Mean time per level.
                   A        B        C        D        E       F      G
               +--------+--------+--------+--------+--------+-----+--------+
         Total |   3371 |   3220 |    151 |      0 |   2469 |   6 |  561.8 |
       Dungeon |   3174 |   3023 |    151 |      0 |   2366 |   5 |  634.8 |
       Ossuary |    197 |    197 |      0 |      0 |    103 |   1 |  197.0 |
               +--------+--------+--------+--------+--------+-----+--------+

Top non-repeatable levels by time:
     D:1: 858 daAuts
     D:4: 818 daAuts
     D:2: 631 daAuts
     D:3: 533 daAuts
     D:5: 331 daAuts
 Ossuary: 197 daAuts
